 Dungeon Crawl Stone Soup version 0.27-a0-951-gae3e1deef5 (webtiles) character file.

Game seed: 6875652095081814654

198329 shoop the Brawler (level 17, -5/175 HPs)
             Began as a Demigod Transmuter on Apr 11, 2021.
             Hit by a javelin thrown by a merfolk javelineer (23 damage)
             ... on level 3 of the Shoals.
             The game lasted 02:16:09 (43523 turns).

shoop the Brawler (Demigod Transmuter)             Turns: 43523, Time: 02:16:10

Health: -5/175     AC:  9    Str: 30    XL:     17   Next: 21%
Magic:  26/30      EV: 16    Int: 27    God:
Gold:   429        SH:  5    Dex: 20    Spells: 3/28 levels left

rFire    x . .     SeeInvis .     - Unarmed
rCold    . . .     Faith    .   (shield currently unavailable)
rNeg     . . .     Spirit   .   (armour currently unavailable)
rPois    +         Reflect  +   (helmet currently unavailable)
rElec    .         Harm     .   (cloak currently unavailable)
rCorr    .         Rampage  .   (gloves currently unavailable)
Will     +++..                  (boots currently unavailable)
Stlth    +++.......             X - amulet of reflection
HPRegen  0.39/turn              O - ring "Wuodae" {Str+5 Slay+4}
MPRegen  0.22/turn              y - ring of the Clam {rF- Will++ Str+6 Dex+6}

@: hydra-form, very quick
A: fast swimmer, devour, amphibious, boosted hp, very large, high mp 1, forlorn,
frail 1
}: 1/15 runes: serpentine
a: End Transformation


You were on level 3 of the Shoals.
You were an eight-headed hydra.
You visited 5 branches of the dungeon, and saw 31 of its levels.
You visited 1 bazaar.
You also visited: Ossuary and Volcano.

You collected 2870 gold pieces.
You spent 2441 gold pieces at shops.

Inventory:

Hand Weapons
 p - a +0 hand axe of distortion
 s - the +7 dagger "Gejeh" (melded) {drain, Str+2}
   (You found it on level 6 of the Lair of Beasts)

   A truly terrible weapon, it drains the life of those it strikes.
   It affects your strength (+2).
Missiles
 L - 8 curare-tipped darts
 M - 8 throwing nets
Armour
 g - a +2 robe of the Archmagi (melded)
 n - a +1 cloak (melded)
 S - a +0 helmet (melded)
Jewellery
 e - a ring of willpower
 u - a +4 ring of slaying
 y - the ring of the Clam (right foreclaw) {rF- Will++ Str+6 Dex+6}
   (You bought it in a shop on level 2 of the Orcish Mines)

   [ring of strength]

   It affects your strength (+6).
   It affects your dexterity (+6).
   It makes you vulnerable to fire.
   It greatly increases your willpower.
 H - a ring of flight
 J - a ring of positive energy
 N - the ring of Waequts {rF+ rN+ Dex+6 SInv}
   (You found it on level 10 of the Dungeon)

   [ring of dexterity]

   It affects your dexterity (+6).
   It protects you from fire.
   It protects you from negative energy.
   It lets you see invisible.
 O - the ring "Wuodae" (left foreclaw) {Str+5 Slay+4}
   (You bought it in a shop on level 2 of the Orcish Mines)

   [ring of slaying]

   It affects your strength (+5).
   It affects your accuracy and damage with ranged weapons and melee attacks
   (+4).
 V - a ring of resist corrosion
 X - an amulet of reflection (around neck)
Wands
 i - a wand of paralysis (14)
 k - a wand of random effects (27)
 o - a wand of charming (11)
 v - a wand of polymorph (11)
 A - a wand of iceblast (47)
 Q - a wand of digging (5)
 Y - a wand of acid (9)
Scrolls
 b - 5 scrolls of blinking
 h - 7 scrolls of magic mapping
 j - 5 scrolls of fog
 t - 5 scrolls of identify
 w - 4 scrolls of immolation
 D - 3 scrolls of vulnerability
 F - 9 scrolls of teleportation
 I - 5 scrolls of enchant weapon
 K - a scroll of silence
 R - 2 scrolls of enchant armour
 Z - 3 scrolls of amnesia
Potions
 c - 6 potions of heal wounds
 d - 3 potions of attraction
 l - 7 potions of lignification
 m - 2 potions of might
 q - 3 potions of brilliance
 r - 2 potions of mutation
 x - 2 potions of invisibility
 z - 4 potions of ambrosia
 B - 6 potions of magic
 C - 5 potions of berserk rage
 E - 3 potions of resistance
 G - 9 potions of curing
 P - 4 potions of haste
Miscellaneous
 a - a phial of floods
 f - a phantom mirror
 T - a condenser vane
 U - a tin of tremorstones (2/2)
 W - a lightning rod (4/4)


   Skills:
 + Level 13.4 Fighting
 + Level 13.4 Dodging
 - Level 5.0 Stealth
 * Level 17.1 Unarmed Combat
 - Level 6.0 Spellcasting
 - Level 5.0 Hexes
 - Level 3.0 Translocations
 - Level 10.0 Transmutations
 - Level 3.0 Ice Magic
 - Level 3.0 Air Magic
 - Level 3.0 Earth Magic
 - Level 2.0 Poison Magic
 - Level 5.0 Evocations


You had 3 spell levels left.
You knew the following spells:

 Your Spells              Type           Power      Damage    Failure   Level
a - Hydra Form            Tmut           29%        N/A       3%          5
b - Blink                 Tloc           N/A        N/A       2%          2
c - Ice Form              Ice/Tmut       43%        N/A       4%          4
d - Petrify               Tmut/Erth      43%        N/A       4%          4
e - Beastly Appendage     Tmut           100%       N/A       1%          1
p - Passwall              Tmut/Erth      35%        N/A       1%          2
s - Swiftness             Air            24%        N/A       2%          2
y - Yara's Violent Unrav  Hex/Tmut       24%        3d11      9%          5

Your spell library contained the following spells:

 Spells                   Type           Power      Damage    Failure   Level
 Corona                   Hex            38%        N/A       1%          1
 Freeze                   Ice            96%        1d11      1%          1
 Sandblast                Erth           48%        2d12      1%          1
 Sting                    Tmut/Pois      100%       1d8       1%          1
 Ensorcelled Hibernation  Hex/Ice        58%        N/A       1%          2
 Slow                     Hex            35%        N/A       1%          2
 Wereblood                Tmut           58%        N/A       1%          2
 Spider Form              Tmut/Pois      20%        N/A       1%          3
 Confusing Touch          Hex            35%        N/A       2%          3
 Tukima's Dance           Hex            35%        N/A       2%          3
 Poisonous Vapours        Pois/Air       42%        N/A       3%          2
 Ignite Poison            Fire/Tmut/Pois 29%        N/A       3%          3
 Portal Projectile        Hex/Tloc       58%        N/A       3%          3
 Frozen Ramparts          Ice            48%        1d6       5%          3
 Gell's Gravitas          Tloc           12%        N/A       5%          3
 Ozocubu's Armour         Ice            24%        N/A       5%          3
 Animate Skeleton         Necr           16%        N/A       6%          1
 Magic Dart               Conj           32%        1d4       6%          1
 Summon Small Mammal      Summ           32%        N/A       6%          1
 Dazzling Flash           Conj/Hex       42%        N/A       7%          3
 Inner Flame              Hex/Fire       21%        N/A       7%          3
 Summon Guardian Golem    Hex/Summ       21%        N/A       7%          3
 Call Imp                 Summ           8%         N/A       10%         2
 Mephitic Cloud           Conj/Pois/Air  17%        N/A       10%         3
 Static Discharge         Conj/Air       16%        N/A       11%         3
 Stone Arrow              Conj/Erth      32%        3d9       11%         3
 Call Canine Familiar     Summ           8%         N/A       19%         3
 Conjure Flame            Conj/Fire      8%         6-21      19%         3
 Cause Fear               Hex            17%        N/A       9%          4
 Leda's Liquefaction      Hex/Erth       14%        N/A       12%         4
 Airstrike                Air            12%        N/A       19%         4
 Olgreb's Toxic Radiance  Pois           18%        N/A       28%         4
 Animate Armour           Summ/Erth      32%        N/A       34%         4
 Hailstorm                Conj/Ice       16%        3d6       34%         4
 Summon Ice Beast         Ice/Summ       16%        N/A       34%         4
 Summon Lightning Spire   Summ/Air       16%        N/A       34%         4
 Metabolic Englaciation   Hex/Ice        14%        N/A       34%         5
 Silence                  Hex/Air        14%        N/A       34%         5
 Lee's Rapid Deconstruct  Erth           12%        3d9*      45%         5
 Dispel Undead            Necr           8%         3d8       54%         4
 Statue Form              Tmut/Erth      28%        N/A       56%         6
 Borgnjor's Vile Clutch   Necr/Erth      8%         N/A       67%         5
 Lightning Bolt           Conj/Air       8%         1d20      67%         5
 Bolt of Magma            Conj/Fire/Erth 6%         4d6       75%         5
 Iron Shot                Conj/Erth      8%         9d3       99%         6
 Death Channel            Necr           4%         N/A       100%        6
 Ignition                 Fire           4%         3d4       100%        8
 Shatter                  Erth           12%        3d13*     100%        9
 Tornado                  Air            12%        N/A       100%        9


Dungeon Overview and Level Annotations

Branches:
Dungeon (15/15)            Temple (0/1) D:4            Lair (6/6) D:10
 Shoals (4/4) Lair:2        Snake (4/4) Lair:2        Slime (0/5) Lair:5
    Orc (2/2) D:12            Elf (0/3) Orc:2        Vaults (0/5) D:13
 Depths (0/5) D:15        Ossuary (visited)         Volcano (visited)

Shops:
D:5 *   Orc:2 =[*[   Shoals:1 ?:*

Annotations:
D:6 1 runed translucent door, thegreatwait's ghost, novice MiMo
D:7 1 exclusion
D:8 3 runed translucent doors, quinnr's ghost, novice GnTm
D:10 exclusions: 2 howler monkeys and two-headed ogre
D:12 exclusion: death knight, Rupert
D:14 3 runed translucent doors, exclusion: obsidian statue, dickylongcocking's ghost, journeyman DjFE
D:15 2 transporters, jejorda2's ghost, adept MfGl
Lair:1 exclusion: hydra
Lair:2 Gastronok
Lair:3 exclusion: hydra
Lair:5 1 runed translucent door
Shoals:3 exclusion: 2 oklob plants


Innate Abilities, Weirdness & Mutations

You are an eight-headed hydra.
You swim very quickly.
You can devour living enemies to heal.
You are amphibious.
Your maximum health is greatly increased.
Your armour is entirely melded.
You are incapable of wielding weapons or throwing items.
Your attributes grow dramatically as you level up.
You have an increased reservoir of magic. (+10% MP)
You shall have no god before yourself.
You are frail. (-10% HP)


Message History

The merfolk javelineer is heavily wounded.
The merfolk barely misses you.
The merfolk javelineer throws a javelin.
The javelin pierces through you!!
* * * LOW HITPOINT WARNING * * *
Unknown command.
You bite the merfolk javelineer!
The merfolk javelineer is heavily wounded.
You block the merfolk's attack.
The merfolk hits you from afar with a +0 trident!
* * * LOW HITPOINT WARNING * * *
Unknown command.
Okay, then.
Save game and exit?
Level annotation: exclusion: 2 oklob plants Welcome back, shoop the Demigod Transmuter.
Press ? for a list of commands and other information.
Okay, then.
Okay, then.
Unknown command.
Okay, then.
You feel much better.
The merfolk hits you from afar with a +0 trident of venom.
* * * LOW HITPOINT WARNING * * *
The merfolk hits you from afar with a +0 trident!
* * * LOW HITPOINT WARNING * * *
Unknown command.
Cast which spell? (? or * to list)
You blink.
Floosh!
The merfolk javelineer throws a javelin.
The javelin pierces through you!
* * * LOW HITPOINT WARNING * * *
Casting: Blink (safe; 2% risk of failure)
Confirm with . or Enter, or press ? or * to list all spells.
You blink.
Floosh!
The merfolk javelineer throws a javelin.
The javelin pierces through you!!
You die...

≈≈≈≈≈≈≈≈≈≈###.≈≈≈≈≈≈≈≈≈≈≈######..
≈≈≈≈≈≈≈≈m## ##.≈....≈≈≈≈≈≈≈≈.....
≈≈≈≈≈≈.≈## ###..####.≈≈≈≈≈≈≈.....
≈≈≈≈≈.### ##....# ##.≈≈≈≈≈≈≈.....
≈≈≈≈.## ##....§###)≈≈≈≈≈≈≈≈≈≈...
≈≈≈≈)# #.....m....≈≈≈≈≈≈≈≈≈≈≈≈.
≈≈≈≈.. #..####.mm≈§≈≈≈≈≈≈≈≈≈≈≈.
≈≈≈≈≈.. .... ##.m≈≈≈≈≈≈≈≈≈≈≈≈≈≈≈
≈≈≈≈≈≈≈≈≈≈≈ #.D≈≈≈≈≈≈≈≈≈≈≈≈≈≈≈≈
≈≈≈≈≈≈≈≈≈≈≈≈≈..≈≈≈≈≈≈≈≈≈≈≈≈≈≈ ≈≈≈
≈≈≈≈≈≈≈≈≈≈≈≈≈≈≈≈≈≈≈≈≈≈≈≈≈≈≈≈ ≈≈≈
≈≈≈≈≈≈≈≈≈≈≈≈≈≈≈≈≈≈≈≈≈≈≈≈≈≈≈≈ ≈≈≈
≈≈≈≈≈≈≈≈≈≈≈≈≈≈≈≈≈≈≈ ≈≈≈
≈≈≈≈≈≈≈≈≈≈≈≈≈≈≈≈≈≈≈
≈≈≈≈≈≈≈≈≈≈≈≈≈≈≈ ≈≈≈≈≈≈≈≈≈≈≈≈≈≈≈


You could see a merfolk javelineer and 3 merfolk.

Vanquished Creatures
  Nikola (Shoals:2)
  Frances (D:14)
  6 nagarajas
  Nessos (D:13)
  A dire elephant (Lair:6)
  A red draconian (Volcano)
  An ettin (shapeshifter) (D:15)
  2 salamander tyrants
  8 merfolk impalers
  A great orb of eyes (D:15)
  6 naga warriors
  Fannar (Lair:2)
  6 hydras
  3 boulder beetles
  7 anacondas
  3 catoblepae
  3 centaur warriors
  A merfolk aquamancer (Shoals:3)
  A satyr (Shoals:2)
  2 tengu warriors
  3 two-headed ogres
  2 dancing weapons (D:13)
  A deep troll shaman (Lair:6)
  A merfolk avatar (Shoals:3)
  A death knight (D:15)
  5 death yaks (Lair:6)
  10 orc high priests (Orc:2)
  2 shock serpents
  10 naga sharpshooters
  4 salamander mystics
  8 sea snakes
  4 naga ritualists
  3 harpies (Shoals:3)
  A deep elf pyromancer (D:14)
  13 ugly things
  13 salamanders
  17 fauns
  10 mana vipers
  14 manticores
  5 orc knights
  8 cyclopes
  11 elephants
  6 merfolk sirens
  2 guardian serpents
  31 black mambas
  14 naga magi
  A torpor snail (Lair:3)
  5 water nymphs
  2 gargoyles
  2 molten gargoyles (Volcano)
  13 cane toads
  3 yaktaurs (Volcano)
  A rime drake (Lair:6)
  A tengu conjurer (D:14)
  6 komodo dragons
  2 polar bears
  9 trolls
  27 merfolk
  2 jumping spiders (shapeshifter) (D:14)
  A wind drake (Shoals:1)
  24 blink frogs
  A hornet (Lair:4)
  2 snapping turtles
  11 slime creatures
  9 dream sheep
  A centaur simulacrum (D:15)
  3 water elementals (Shoals:3)
  2 fire bats (Volcano)
  3 wyverns
  47 yaks
  A vampire (D:13)
  A golden eye (shapeshifter) (D:15)
  A wraith (D:13)
  6 vampire mosquitoes (D:13)
  3 basilisks
  8 wargs
  3 acid dragons
  49 nagas
  17 water moccasins
  A hornet zombie (Ossuary)
  A sky beast (D:8)
  3 ice beasts
  23 orc warriors
  3 black bears
  A necrophage (D:8)
  16 wolves
  9 ogres
  8 centaurs
  A phantom (D:6)
  2 kobold brigands
  13 bullfrogs
  A wyvern zombie (Ossuary)
  5 scorpions
  A water moccasin zombie (Ossuary)
  A wyvern skeleton (D:7)
  A water moccasin skeleton (D:6)
  8 killer bees
  4 electric eels
  10 wights
  3 howler monkeys
  7 centaur zombies
  2 lava snakes (Volcano)
  2 bullfrog skeletons (D:6)
  2 bullfrog zombies (Ossuary)
  2 hounds
  36 orc priests
  A centaur skeleton (D:4)
  A gnoll shaman (D:8)
  4 iguanas
  22 mummies (Ossuary)
  Natasha (thrice) (D:2)
  17 orc wizards
  A hell rat (Lair:2)
  3 killer bee zombies
  2 hound skeletons
  A howler monkey zombie (Ossuary)
  14 gnolls
  3 howler monkey skeletons
  8 adders
  2 shadow imps
  A white imp (D:7)
  6 ufetubi
  An adder skeleton (D:4)
  2 worms
  2 dart slugs
  97 orcs
  6 ball pythons
  4 bats
  6 endoplasms
  2 giant cockroaches
  3 goblins
  10 hobgoblins
  5 quokkas
  4 frilled lizards
  17 kobolds
  A quokka skeleton (D:4)
  6 rats
943 creatures vanquished.

Vanquished Creatures (collateral kills)
  A faun (Shoals:2)
  A manticore (Shoals:2)
2 creatures vanquished.

Vanquished Creatures (others)
  A merfolk impaler (Shoals:2)
  An orc (Orc:1)
  A bush (Lair:2)
  55 fungi
  114 plants
  6 withered plants (Ossuary)
178 creatures vanquished.

Grand Total: 1123 creatures vanquished

Notes
Turn   | Place    | Note
-------+----------+-------------------------------------------
     0 | D:1      | shoop the Demigod Transmuter began the quest for the Orb.
     0 | D:1      | Reached XP level 1. HP: 15/15 MP: 5/5
    42 | D:1      | Reached skill level 1 in Fighting
   397 | D:1      | Reached XP level 2. HP: 19/23 MP: 5/7
   400 | D:1      | Reached skill level 3 in Unarmed Combat
   868 | D:2      | Reached skill level 1 in Stealth
  1071 | D:2      | Reached skill level 1 in Poison Magic
  1117 | D:2      | Reached XP level 3. HP: 28/28 MP: 8/8
  1121 | D:2      | Learned a level 3 spell: Spider Form
  1280 | D:2      | Noticed Natasha
  1313 | D:2      | Killed Natasha
  1377 | D:2      | Noticed Natasha
  1390 | D:2      | Killed Natasha
  1391 | D:2      | Reached XP level 4. HP: 8/35 MP: 9/9
  1700 | D:2      | Noticed Natasha
  1708 | D:2      | Killed Natasha
  2508 | D:3      | Reached XP level 5. HP: 29/40 MP: 10/10
  3366 | D:3      | Reached skill level 4 in Unarmed Combat
  3366 | D:3      | Reached skill level 1 in Evocations
  4478 | D:4      | Reached XP level 6. HP: 44/47 MP: 11/11
  4564 | D:4      | Found a staircase to the Ecumenical Temple.
  4641 | D:4      | Reached skill level 5 in Unarmed Combat
  5131 | D:5      | Entered Level 5 of the Dungeon
  5131 | D:5      | Noticed a water moccasin
  5138 | D:5      | Killed a water moccasin
  5139 | D:5      | Reached skill level 6 in Unarmed Combat
  5139 | D:5      | Reached XP level 7. HP: 29/52 MP: 13/13
  5618 | D:5      | Found Vacogas's General Store.
  6250 | D:5      | Bought a potion of resistance for 110 gold pieces
  6250 | D:5      | Bought a scroll of identify for 22 gold pieces
  6547 | D:6      | Reached XP level 8. HP: 54/61 MP: 10/14
  6789 | D:6      | Noticed a cyan ugly thing
  7160 | D:6      | Reached skill level 7 in Unarmed Combat
  7653 | D:6      | Found a runed translucent door.
  7653 | D:6      | Noticed thegreatwait's ghost (novice MiMo)
  8117 | D:7      | Found a sand-covered staircase.
  8149 | Ossuary  | Entered an ossuary
  8169 | Ossuary  | Reached XP level 9. HP: 71/71 MP: 12/15
  8211 | Ossuary  | Reached skill level 5 in Transmutations
  8524 | Ossuary  | Reached skill level 5 in Dodging
  9094 | Ossuary  | Reached skill level 5 in Fighting
  9381 | D:7      | Reached skill level 8 in Unarmed Combat
  9868 | D:7      | Noticed a five-headed hydra
  9910 | D:7      | Noticed a two-headed ogre
 10602 | D:8      | Learned a level 4 spell: Ice Form
 10673 | D:8      | Found a runed translucent gate.
 10674 | D:8      | Found a runed translucent gate.
 10684 | D:8      | Found a runed translucent gate.
 10692 | D:8      | Noticed quinnr's ghost (novice GnTm)
 10750 | D:8      | Reached skill level 9 in Unarmed Combat
 10750 | D:8      | Reached skill level 1 in Ice Magic
 11349 | D:8      | Reached XP level 10. HP: 58/81 MP: 12/16
 11926 | D:9      | Reached skill level 10 in Unarmed Combat
 12295 | D:9      | Identified Maejaso's Handbook of Bewitching Black Magic
 12979 | D:10     | Entered Level 10 of the Dungeon
 13209 | D:10     | Noticed a tengu warrior
 13219 | D:10     | Killed a tengu warrior
 13658 | D:10     | Reached XP level 11. HP: 89/89 MP: 17/20
 13754 | D:10     | Noticed a two-headed ogre
 13877 | D:10     | Noticed an orc knight
 13889 | D:10     | Killed an orc knight
 13890 | D:10     | Reached skill level 5 in Stealth
 14060 | D:10     | Identified the ring of Waequts {rF+ rN+ Dex+6 SInv}
 14374 | D:10     | Found a staircase to the Lair.
 14693 | D:10     | You fall into a shaft and drop 2 floors!
 14925 | D:11     | Noticed a two-headed ogre
 14960 | D:11     | Killed a two-headed ogre
 14961 | D:11     | Reached skill level 5 in Evocations
 15425 | Lair:1   | Entered Level 1 of the Lair of Beasts
 15728 | Lair:1   | Reached XP level 12. HP: 97/97 MP: 21/21
 15902 | Lair:1   | Noticed a six-headed hydra
 16374 | Lair:1   | Reached skill level 11 in Unarmed Combat
 17668 | Lair:2   | Noticed Fannar
 17789 | Lair:2   | Found a staircase to the Shoals.
 18275 | Lair:2   | Learned a level 5 spell: Hydra Form
 18624 | Lair:3   | Noticed a four-headed hydra
 18642 | Lair:3   | Noticed a catoblepas
 18657 | Lair:3   | Killed a catoblepas
 19275 | Lair:2   | Found a staircase to the Snake Pit.
 19395 | Lair:2   | You fall into a shaft and drop 1 floor!
 19884 | Lair:3   | Killed a four-headed hydra
 20475 | Lair:4   | Identified the +0 falchion "Hellblazer" {protect, Int+2}
 20485 | Lair:4   | Learned a level 2 spell: Blink
 20585 | Lair:4   | Reached skill level 12 in Unarmed Combat
 20674 | Lair:4   | Noticed a five-headed hydra
 20695 | Lair:4   | Reached skill level 1 in Translocations
 20704 | Lair:4   | Killed a five-headed hydra
 20705 | Lair:4   | Reached XP level 13. HP: 97/111 MP: 20/22
 21821 | Lair:5   | Found a runed translucent door.
 21824 | Lair:5   | Found a staircase to the Slime Pits.
 21984 | Lair:5   | Found a dark tunnel.
 22034 | Volcano  | Entered a volcano
 22430 | Volcano  | Noticed a red draconian
 22536 | Volcano  | Killed a red draconian
 23209 | Lair:6   | Entered Level 6 of the Lair of Beasts
 23248 | Lair:6   | Identified the +7 dagger "Gejeh" {drain, Str+2}
 23778 | Lair:6   | Reached skill level 10 in Fighting
 23778 | Lair:6   | Reached skill level 10 in Dodging
 24015 | Lair:6   | Gained mutation: You are frail. (-10% HP) [mutagenic glow]
 24367 | Lair:6   | Reached skill level 13 in Unarmed Combat
 24969 | Lair:6   | Reached XP level 14. HP: 101/109 MP: 24/24
 25494 | Lair:6   | Identified the Tome of Stones
 26505 | D:12     | Found a staircase to the Orcish Mines.
 26837 | D:12     | Noticed Rupert
 27340 | Orc:1    | Entered Level 1 of the Orcish Mines
 27613 | Orc:2    | Entered Level 2 of the Orcish Mines
 27978 | Orc:2    | Reached skill level 14 in Unarmed Combat
 27991 | Orc:2    | Found Masseppo's Assorted Antiques.
 27991 | Orc:2    | Found Nuiloedar's Armour Shop.
 28957 | Orc:2    | Found a staircase to the Elven Halls.
 29140 | Orc:2    | Found Repuomu's Jewellery Emporium.
 29140 | Orc:2    | Found Wiaroaqi's Antique Armour Shop.
 29387 | Orc:2    | Bought the ring of the Clam {rF- Will++ Str+6 Dex+6} for
                  | 874 gold pieces
 29393 | Orc:2    | Bought the ring "Wuodae" {Str+5 Slay+4} for 1050 gold
                  | pieces
 29577 | D:13     | Noticed Nessos
 29589 | D:13     | Killed Nessos
 29888 | D:13     | Found a gate to the Vaults.
 31093 | D:14     | Noticed Frances
 31101 | D:14     | Killed Frances
 31416 | D:14     | Found a runed translucent gate.
 31416 | D:14     | Found a runed translucent gate.
 31416 | D:14     | Found a runed translucent gate.
 31418 | D:14     | Noticed dickylongcocking's ghost (journeyman DjFE)
 31418 | D:14     | Noticed a storm dragon
 31532 | D:14     | Identified a scroll of acquirement
 31596 | D:14     | Reached XP level 15. HP: 75/118 MP: 20/25
 32104 | D:15     | Entered Level 15 of the Dungeon
 32117 | D:15     | Found a transporter.
 32134 | D:15     | Noticed jejorda2's ghost (adept MfGl)
 32384 | D:15     | Found a transporter.
 33441 | D:15     | Reached skill level 15 in Unarmed Combat
 33444 | D:15     | Found a staircase to the Depths.
 33455 | D:15     | Reached skill level 5 in Spellcasting
 34136 | Snake:1  | Entered Level 1 of the Snake Pit
 34450 | Snake:2  | Noticed a nagaraja
 34462 | Snake:1  | Killed a nagaraja
 35305 | Snake:2  | Identified the +1 robe of Defence {rF- rCorr Int+3}
 35610 | Snake:3  | Acquired the Incunabulum of Floating Evil
 35615 | Snake:3  | Learned a level 2 spell: Swiftness
 35755 | Snake:4  | Entered Level 4 of the Snake Pit
 36250 | Snake:3  | Reached skill level 1 in Air Magic
 36640 | Snake:3  | Noticed a nagaraja
 36662 | Snake:3  | Killed a nagaraja
 36663 | Snake:3  | Reached XP level 16. HP: 126/126 MP: 24/29
 36720 | Snake:3  | Acquired a book of Geomancy
 36725 | Snake:3  | Learned a level 2 spell: Passwall
 37477 | Snake:4  | Reached skill level 1 in Earth Magic
 37502 | Snake:4  | Reached skill level 16 in Unarmed Combat
 38715 | Snake:4  | Reached skill level 10 in Transmutations
 39671 | Snake:4  | Got a serpentine rune of Zot
 39847 | Lair:2   | Noticed Gastronok
 39851 | Lair:2   | Killed Fannar
 39888 | Shoals:1 | Entered Level 1 of the Shoals
 39912 | Shoals:1 | Found Maloe's Magic Scroll Emporium.
 39921 | Shoals:1 | Found Neecsi's Assorted Antiques.
 40585 | Shoals:1 | Found a flickering gateway to a bazaar.
 40832 | Shoals:1 | Found Zoihadud's Book Shop.
 40879 | Bazaar   | Entered a bazaar
 40879 | Bazaar   | Found Nuqosch's Magic Scroll Shoppe.
 40879 | Bazaar   | Found Duiz's Magic Scroll Shoppe.
 40879 | Bazaar   | Found Loibb's Book Emporium.
 40879 | Bazaar   | Found Wam Hoat's Weapon Shoppe.
 40931 | Bazaar   | Learned a level 4 spell: Petrify
 40937 | Bazaar   | Bought a book of Misfortune for 240 gold pieces
 40943 | Bazaar   | Learned a level 5 spell: Yara's Violent Unravelling
 40945 | Bazaar   | Bought a scroll of fog for 26 gold pieces
 40949 | Bazaar   | Bought a scroll of fog for 28 gold pieces
 40949 | Bazaar   | Bought a scroll of teleportation for 42 gold pieces
 40949 | Bazaar   | Bought a scroll of magic mapping for 49 gold pieces
 41036 | Shoals:2 | Noticed Nikola
 41039 | Shoals:2 | Reached skill level 1 in Hexes
 41336 | Shoals:2 | Killed Nikola
 41958 | Shoals:2 | Identified the +1 leather armour of the Morning {Int+2}
 42113 | Shoals:2 | Reached XP level 17. HP: 135/135 MP: 25/30
 42710 | Shoals:3 | Reached skill level 5 in Hexes
 43117 | Shoals:3 | Reached skill level 17 in Unarmed Combat
 43237 | Shoals:4 | Entered Level 4 of the Shoals
 43523 | Shoals:3 | Hit by a javelin thrown by a merfolk javelineer

Illustrated notes

Levels and vault maps discovered:
D:1:      tarquinn_simple_flora_water_c, layout_basic,
          shapermc_ecumenical_altar_hornbeckon, minmay_tripent
D:2:      layout_basic, basic_altar, minmay_pentomino_p2, uniq_natasha
D:3:      kennysheep_six_static_rooms, layout_basic,
          grunt_temple_overflow_forces_of_nature, lexackson_kobold_supper
D:4:      layout_loops_ring, minmay_temple_entry_statues_pillars
D:5:      layout_basic, serial_shops, shop
D:6:      hangedman_cross_stitches, layout_rooms, ebering_ghost_reflecting_pool
D:7:      nzn_winding_woodlands_three_and_one
          [nzn_winding_woodlands_5x15_concentric,
          nzn_winding_woodlands_5x15_zeroes, nzn_winding_woodlands_5x15_twine,
          nzn_winding_woodlands_center_triple_pond], layout_loops_ring,
          nicolae_gozag_cash_rules_everything_around_me,
          nicolae_ossuary_entry_ruins, hangedman_decor_lopped
D:8:      layout_loops_cross, nicolae_overflow_crystal_walls,
          chequers_temple_overflow_statue_of_worship, gammafunk_ghost_spectres,
          minivault_21
D:9:      layout_gridville, lemuel_old_faithful
D:10:     minmay_wavy_crystal, layout_layer_cave, david_lair_shrubbed,
          hangedman_decor_clover_reticule, minmay_hedge_maze, minivault_10
D:11:     layout_basic
D:12:     layout_loops_ring, david_orc_5, drop_trap, uniq_rupert
D:13:     layout_long_grid, erik_vaults_1, special_room [special_room_orc],
          st_stairs_4, uniq_nessos
D:14:     layout_small_grid, amcnicky_mini_pool_small, ebering_ghost_gozag,
          moated_statue, minmay_crystal_room, st_stairs_4, uniq_frances
D:15:     gammafunk_enter_depths_forms, layout_loops_ring,
          gammafunk_ghost_wrathful_warriors, chequers_serial_rivers_small_3,
          serial_ice, serial_ice_c, serial_ice_i, serial_ice_m, serial_ice_g,
          serial_ice_n, serial_ice_f
Lair:1:   layout_cave_pods
Lair:2:   layout_cave_pods, elwin_shoals_entry_rooms,
          guppyfry_snake_entry_garden, uniq_gastronok, uniq_fannar
Lair:3:   layout_gridlike
Lair:4:   layout_concentric_octagons, basic_altar, grunt_megastairs_3,
          serial_bayou_shore_a
Lair:5:   wander_river, layout_small_grid, slime_altar_2,
          nicolae_volcano_entry_hallway
Lair:6:   grunt_lair_end_beastmaster, layout_misc_corridors,
          guppyfry_lair_drakes, grunt_megastairs_4
Shoals:1: layout_shoals, serial_shops, bzr_entry_dummy, nicolae_shop_crystal,
          shop, shop, nicolae_shoals_mertower
Shoals:2: layout_shoals, ebering_ghost_xom, nicolae_shoals_dead_sea_scrolls,
          uniq_nikola
Shoals:3: layout_shoals, nicolae_shoals_this_corrosion
Shoals:4: shoals_end_simple, layout_shoals, shoals_ilsuiw_alternative, uniq_mara
Snake:1:  layout_chambers, drop_trap, st_stairs_3, uniq_asterion
Snake:2:  layout_honeycomb, uniq_kirke
Snake:3:  layout_chambers, grunt_megastairs_5, lemuel_fruit_tree
Snake:4:  minmay_snake_end_coiled, layout_misc_corridors, nicolae_snake_springs
Orc:1:    layout_caves, basic_altar, nicolae_orc_rockfall
Orc:2:    st_orc_town, layout_caves

Skill      XL: |  1  2  3  4  5  6  7  8  9 10 11 12 13 14 15 16 17 |
---------------+----------------------------------------------------+-----
Fighting       | 1 2 4 5 6 9 10 11 12 13 | 13.4
Dodging        | 2 4 5 6 8 10 11 12 13 | 13.4
Transmutations | 2 3 4 6 7 8 9 10 | 10.0
Spellcasting   | 2 3 4 6 |  6.0
Unarmed Combat | 3 4 6 7 9 10 12 13 14 15 16 17 | 17.1
Stealth        | 1 2 3 4 5 |  5.0
Poison Magic   | 1 2 |  2.0
Evocations     | 1 2 3 4 5 |  5.0
Ice Magic      | 1 3 |  3.0
Translocations | 1 3 |  3.0
Air Magic      | 1 3 |  3.0
Earth Magic    | 3 |  3.0
Hexes          | 4 5 |  5.0

Action                   |  1- 3 |  4- 6 |  7- 9 | 10-12 | 13-15 | 16-18 || total
-------------------------+-------+-------+-------+-------+-------+-------++-------
Melee: Unarmed           |    88 |   191 |   395 |   420 |   935 |   372 ||  2401
       Kick              |    11 |     4 |       |       |       |       ||    15
       Headbutt          |     7 |       |       |       |       |       ||     7
       Punch             |       |       |       |     1 |     5 |       ||     6
       Dagger            |       |       |       |       |    26 |     3 ||    29
 Cast: Beastly Appendage |    20 |     4 |       |       |       |       ||    24
       Spider Form       |     1 |    14 |    54 |    19 |     1 |       ||    89
       Ice Form          |       |       |       |    28 |    14 |       ||    42
       Hydra Form        |       |       |       |     3 |    75 |    35 ||   113
       Blink             |       |       |       |       |     1 |     2 ||     3
Evoke: Wand              |       |       |     1 |       |       |     1 ||     2
       Condenser vane    |       |       |       |       |     2 |       ||     2
       Phial of floods   |       |       |       |       |       |     1 ||     1
  Use: Potion            |     3 |       |     1 |     1 |       |     2 ||     7
       Scroll            |       |       |    12 |     7 |    13 |     3 ||    35
 Stab: Sleeping          |     1 |     4 |     4 |     5 |    10 |     1 ||    25
       Distracted        |       |     1 |     1 |       |     2 |     1 ||     5
Armor: Robe              |    21 |    16 |    10 |    12 |     7 |     2 ||    68
       Skin              |       |     2 |    12 |    43 |   115 |    36 ||   208
       Leather armour    |       |       |       |       |     9 |       ||     9
Dodge: Dodged            |    58 |   110 |   296 |   266 |   404 |   186 ||  1320
Block: Other             |       |       |       |    21 |   127 |    50 ||   198
       Reflection        |       |       |       |     1 |     8 |    11 ||    20

Table legend: (Time is in decaauts)
 A = Elapsed time spent in this place.
 B = Non-inter-level travel time spent in this place.
 C = Inter-level travel time spent in this place.
 D = Time resting spent in this place.
 E = Time spent auto-exploring this place.
 F = Levels seen in this place.
 G = Mean time per level.
                   A        B        C        D        E       F      G
               +--------+--------+--------+--------+--------+-----+--------+
         Total |  43083 |  41501 |   1582 |   8278 |  25968 |  34 | 1267.1 |
       Dungeon |  20405 |  19676 |    729 |   3187 |  13768 |  15 | 1360.3 |
          Lair |   9662 |   9255 |    407 |   1163 |   6435 |   6 | 1610.3 |
        Shoals |   3489 |   3426 |     63 |   1737 |    868 |   4 |  872.2 |
     Snake Pit |   5617 |   5399 |    218 |   1122 |   3251 |   4 | 1404.2 |
  Orcish Mines |   2050 |   1886 |    164 |    284 |   1106 |   2 | 1025.0 |
        Bazaar |     77 |     77 |      0 |      0 |     36 |   1 |   77.0 |
       Ossuary |   1135 |   1135 |      0 |    512 |    310 |   1 | 1135.0 |
       Volcano |    645 |    645 |      0 |    272 |    192 |   1 |  645.0 |
               +--------+--------+--------+--------+--------+-----+--------+

Top non-repeatable levels by time:
 Snake:3: 2409 daAuts
  Lair:6: 2225 daAuts
  Lair:2: 2178 daAuts
 Snake:4: 1934 daAuts
     D:5: 1910 daAuts
    D:10: 1829 daAuts
    D:15: 1824 daAuts
    D:12: 1628 daAuts
  Lair:1: 1582 daAuts
     D:8: 1567 daAuts
Shoals:1: 1553 daAuts
     D:3: 1401 daAuts
Shoals:2: 1375 daAuts
     D:6: 1369 daAuts
  Lair:4: 1344 daAuts
